AoeStats
← Azedo94

Arabian Desert

510101593Analyzed
1v1 RM · 3d ago on Sep 29, 2026· 46m 22s· 2 players
Game mode
Random Map
Map size
Tiny (2 player)
Population
200
Speed
Normal
Resources
Standard
Victory
Conquest
Starting age
Dark Age
Ending age
Imperial Age
RankedLock teamsTeams togetherTeam positionsShared explorationLock speedFull tech treeHidden civsTurbo modeCheats
Victory
Defeat
🇩🇪 Bohemians · Germany
1232
+17
🇹🇷 Saxons · Türkiye
1252
-17
Azedo94
7:05 Loom
9:39 Feudal Age
9:44 Man-at-Arms
10:29 Double-Bit Axe
13:00 Fletching
13:43 Padded Archer Armor
22:00 Castle Age
26:29 Pikeman
33:52 Imperial Age
31:46 Bodkin Arrow
35:09 Wheelbarrow
35:12 Bracer
35:28 Leather Archer Armor
36:22 Bow Saw
37:43 Ring Archer Armor
38:06 Town Watch
38:51 Scale Mail Armor
39:02 Forging
39:10 Squires
38:33 Halberdier
46:02 Chemistry
Destroy Erase Improve
6:54 Loom
9:33 Feudal Age
11:20 Wheelbarrow
15:41 Double-Bit Axe
25:32 Castle Age
23:39 Gold Mining
23:32 Horse Collar
24:06 Bloodlines
25:20 Fletching
25:32 Scale Mail Armor
29:08 Arson
30:16 Town Watch
40:25 Imperial Age
39:41 Elite Skirmisher
44:35 Sappers
45:29 Bodkin Arrow
Connection lost

Rejoining the realm…

Still unreachable

The connection could not be restored.

Session expired

The server has moved on; the page needs a fresh start.